 Dungeon Crawl Stone Soup version 0.32-a0-7-ge934b4519a (webtiles) character file.

Game seed: 11090016888656288985

634 Laraso the Carver (level 7, 47/57 HPs)
             Began as a White Draconian Monk on Jan 13, 2024.
             Was a Believer of Makhleb.
             Quit the game on level 5 of the Dungeon.
             The game lasted 00:03:52 (3652 turns).

Laraso the Carver (White Draconian Monk)            Turns: 3652, Time: 00:03:53

Health: 47/57      AC:  9    Str: 14    XL:     7   Next: 24%
Magic:  7/7        EV: 12    Int: 10    God:    Makhleb [**....]
Gold:   244        SH:  0    Dex: 15    Spells: 6/6 levels left

rFire   . . .        a - +0 falchion
rCold   + . .        c - orb {light}
rNeg    . . .        (body armour unavailable)
rPois   +            (helmet restricted)
rElec   .            q - +2 cloak {rCorr}
rCorr   +            (no gloves)
SInv    .            (no boots)
Will    .....        (no amulet)
Stlth   +            h - ring of poison resistance
HPRegen 0.29/turn    (no ring)
MPRegen 0.10/turn

%: no passive effects
@: short of breath, glowing
A: breathe frost, AC +6, unfitting armour, cold resistance 1, cold-blooded
a: Breathe Frost, Renounce Religion, Minor Destruction


You were on level 5 of the Dungeon.
You worshipped Makhleb.
Makhleb was pleased with you.
You visited 1 branch of the dungeon, and saw 5 of its levels.

You collected 244 gold pieces.

Inventory:

Hand Weapons
 a - a +0 falchion (weapon)
Missiles
 k - 12 poisoned darts
Armour
 c - an orb of light (worn)
 q - a +2 cloak of preservation (worn)
Jewellery
 h - a ring of poison resistance (left hand)
Scrolls
 g - a scroll of blinking
 j - 4 scrolls of amnesia
 l - a scroll of fear {unknown}
 n - 2 scrolls of enchant weapon {unknown}
 o - a scroll of immolation {unknown}
 p - a scroll of revelation {unknown}
Potions
 b - a potion of ambrosia
 d - 3 potions of curing {unknown}
 e - a potion of heal wounds {unknown}
 f - a potion of lignification
 i - a potion of berserk rage {unknown}


   Skills:
 - Level 3.2 Fighting
 * Level 8.5 Long Blades
 - Level 2.6 Dodging


You had 6 spell levels left.
You didn't know any spells.
Your spell library contained the following spells:

 Spells                   Type           Power      Damage    Failure   Level
 Mercury Vapours          Alch/Air       0%         N/A       50%         2
 Mephitic Cloud           Conj/Alch/Air  0%         N/A       75%         3
 Freezing Cloud           Conj/Ice/Air   0%         6-21      100%        5


Dungeon Overview and Level Annotations

Branches:
Dungeon (5/15)             Temple (0/1) D:4

Altars:
Makhleb
Okawaru
Xom

Shops:
D:3 :

Annotations:
D:3 3 runed translucent doors, Sirjeffry24's ghost, weakling HOMo


Innate Abilities, Weirdness & Mutations

You can breathe waves of freezing cold which knock back foes.
Your icy white scales are hard. (AC +6)
You cannot fit into any form of body armour.
Your flesh is cold resistant. (rC+)
You are cold-blooded and may be slowed by cold attacks.


Message History

The ice beast misses you.
You hit the ice beast.
You kill the ice beast!
Makhleb accepts your kill.
You feel better.
Your Long Blades skill increases to level 8!
You have reached level 7!
Your scales start taking on an icy white colour.
You learn Fire Magic much slower.
You learn Ice Magic much quicker.
You can breathe waves of freezing cold which knock back foes.
You feel resistant to cold.
Aiming: Breathe Frost (5% risk of failure)
Press: ? - help, Shift-Dir - straight line, f - ogre
Aim: an ogre, wielding a +0 giant club (haloed, 90% to hit)
You exhale a wave of freezing cold.
The freezing breath hits the ogre!
The ogre is moderately wounded.
The ogre is knocked back by the freezing wind.
The ogre slams into the rock wall!
The ogre is heavily wounded.
The freezing breath misses the ogre.
Aiming: Minor Destruction (22% risk of failure)
Press: ? - help, Shift-Dir - straight line, f/p - ogre
Aim: an ogre, wielding a +0 giant club (heavily wounded, haloed)
You fail to use your ability.
You hit the ogre but do no damage.
The ogre is heavily wounded.
The ogre misses you.
You hit the ogre. You tail-slap the ogre.
The ogre is severely wounded.
You hit the ogre.
The ogre is severely wounded.
The ogre barely misses you.
You hit the ogre.
The ogre is almost dead.
The ogre barely misses you.
You hit the ogre.
You kill the ogre!
Makhleb accepts your kill.
You feel better.
Are you sure you want to abandon this character and quit the game? (Confirm with "yes".)

#.##....##..##.#####.#
#.##....##.<.........#
#.##...###...#.####..#
#.#....# #...#.# #..#
###.#....###...#.####..#
....................#..#
###<#..........#.##.#..#
#.#..#.###.#.#.##.#..####
#.#........#.)@....<....#
###.#.##.###.#.####.##.#.##
...........#.#.........#.#
###.#..#.#####.#.##.####.#
###.####.# #.#.........#
.........# #.####.####.#
###.###### #.# #.####.# #
#.######## #.# #......# #
#......... ..# ######.#


There were no monsters in sight!

Vanquished Creatures
  2 ice beasts
  A black bear (D:4)
  An ogre (D:5)
  Crazy Yiuf (D:4)
  An iguana (D:4)
  An orc wizard (D:4)
  Robin (D:4)
  3 gnolls (D:3)
  6 adders
  3 ribbon worms
  3 dart slugs
  6 orcs
  3 ball pythons
  7 bats
  9 endoplasms
  A giant cockroach (D:1)
  13 hobgoblins
  A jackal (D:4)
  7 quokkas
  3 frilled lizards
  13 goblins
  5 kobolds
  11 rats
102 creatures vanquished.

Notes
Turn   | Place    | Note
-------+----------+-------------------------------------------
     0 | D:1      | Laraso the Draconian Monk began the quest for the Orb.
     0 | D:1      | Reached XP level 1. HP: 19/19 MP: 1/1
   211 | D:1      | Reached XP level 2. HP: 25/26 MP: 2/2
   643 | D:2      | Reached skill level 4 in Long Blades
   744 | D:2      | Reached XP level 3. HP: 18/31 MP: 3/3
  1099 | D:2      | Reached XP level 4. HP: 38/38 MP: 4/4
  1231 | D:2      | Reached skill level 5 in Long Blades
  1413 | D:3      | Identified the blade talisman "Tomill" {rElec rF+ Int+3
                  | Stlth-}
  1510 | D:3      | Found a runed translucent gate.
  1510 | D:3      | Noticed Sirjeffry24's ghost (weakling HOMo)
  1511 | D:3      | Found a runed translucent gate.
  1512 | D:3      | Found a runed translucent gate.
  1660 | D:3      | Found a burning altar of Makhleb.
  1662 | D:3      | Found an iron altar of Okawaru.
  1790 | D:3      | Found a shimmering altar of Xom.
  1796 | D:3      | Became a worshipper of Makhleb the Destroyer
  1796 | D:3      | Reached * piety under Makhleb
  1796 | D:3      | Reached ** piety under Makhleb
  2006 | D:3      | Found Qyfecsid's Book Emporium.
  2351 | D:4      | Noticed Robin
  2358 | D:4      | Killed Robin
  2359 | D:4      | Reached XP level 5. HP: 39/45 MP: 5/5
  2437 | D:4      | Reached skill level 6 in Long Blades
  2597 | D:4      | Found a staircase to the Ecumenical Temple.
  2598 | D:4      | Noticed a black bear
  2607 | D:4      | Killed a black bear
  2608 | D:4      | Reached XP level 6. HP: 38/51 MP: 6/6
  2723 | D:4      | Reached skill level 7 in Long Blades
  3251 | D:4      | Found a runed translucent door.
  3252 | D:4      | Noticed Crazy Yiuf
  3266 | D:4      | Killed Crazy Yiuf
  3463 | D:5      | Entered Level 5 of the Dungeon
  3480 | D:5      | Noticed an ice beast
  3480 | D:5      | Noticed an ice beast
  3492 | D:4      | Killed an ice beast
  3525 | D:5      | Noticed an orc warrior
  3644 | D:5      | Killed an ice beast
  3645 | D:5      | Reached skill level 8 in Long Blades
  3645 | D:5      | Your scales start taking on an icy white colour.
  3645 | D:5      | Reached XP level 7. HP: 42/57 MP: 7/7
  3645 | D:5      | Gained mutation: Your flesh is cold resistant. (rC+) [White
                  | Draconian growth]
  3652 | D:5      | Quit the game

Illustrated notes

Levels and vault maps discovered:
D:1:      minmay_arrival_wavy_path, layout_basic, serial_corexii_hall,
          chequers_hall_statues_wall_a, corexii_hall_statues_x,
          corexii_hall_statues_l, corexii_hall_statues_t
D:2:      layout_loops_cross, serial_forest, infiniplex_forest_clump_tiny,
          infiniplex_forest_lined_3, infiniplex_forest_lined_3,
          infiniplex_forest_lined_room_, infiniplex_forest_fountain,
          infiniplex_forest_end_1, minmay_misc_feat_alley
D:3:      layout_basic, gammafunk_temple_overflow_forgotten,
          biasface_ghost_orc_armoury, serial_shops, shop_fountains
D:4:      cheibrodos_old_hovel, layout_loops_ring, minmay_temple_entry_ruins,
          minmay_bent, uniq_crazy_yiuf_cottage, uniq_robin
D:5:      layout_basic, serial_curves, eino_curves_02, eino_curves_03,
          nicolae_ossuary_entry_giza, minmay_lizard_king

Skill      XL: |  1  2  3  4  5  6 |
---------------+-------------------+-----
Long Blades    | 4 5 6 8 |  8.5
Fighting       | |  3.2
Dodging        | |  2.6

Action                     |  1- 3 |  4- 6 |  7- 9 || total
---------------------------+-------+-------+-------++-------
  Melee: Falchion          |    79 |   164 |     5 ||   248
         Tailslap          |    10 |    24 |     1 ||    35
 Invoke: Minor Destruction |       |    39 |       ||    39
Ability: Breathe Frost     |       |       |     1 ||     1
    Use: Scroll            |       |     3 |       ||     3
         Potion            |       |     1 |       ||     1
 Armour: Skin              |    41 |    84 |       ||   125
  Dodge: Dodged            |    53 |    76 |     3 ||   132

Table legend: (Time is in decaauts)
 A = Elapsed time spent in this place.
 B = Non-inter-level travel time spent in this place.
 C = Inter-level travel time spent in this place.
 D = Time resting spent in this place.
 E = Time spent auto-exploring this place.
 F = Levels seen in this place.
 G = Mean time per level.
                   A        B        C        D        E       F      G
               +--------+--------+--------+--------+--------+-----+--------+
         Total |   3660 |   3472 |    188 |    133 |   2667 |   5 |  732.0 |
       Dungeon |   3660 |   3472 |    188 |    133 |   2667 |   5 |  732.0 |
               +--------+--------+--------+--------+--------+-----+--------+

Top non-repeatable levels by time:
     D:4: 1178 daAuts
     D:3: 966 daAuts
     D:2: 793 daAuts
     D:1: 595 daAuts
     D:5: 126 daAuts
